 Dungeon Crawl Stone Soup version 0.27-a0-705-ga0013940fb (webtiles) character file.

Game seed: 16419894209761643805

888 porpoise the Conjurer (level 8, -4/48 HPs)
             Began as a Tengu Conjurer on Mar 23, 2021.
             Was an Initiate of Vehumet.
             Killed from afar by Pikel (16 damage)
             ... with a bolt of acid
             ... on level 5 of the Dungeon.
             The game lasted 00:21:45 (5158 turns).

porpoise the Conjurer (Tengu Conjurer)              Turns: 5158, Time: 00:21:46

Health: -4/48      AC:  4    Str: 14    XL:     8   Next: 6%
Magic:  11/16      EV: 12    Int: 21    God:    Vehumet [......]
Gold:   203        SH:  0    Dex: 12    Spells: 6/17 levels left

rFire    . . .     SeeInvis .   a - +2 short sword (drain)
rCold    . . .     Faith    .   (no shield)
rNeg     . . .     Spirit   .   d - +0 robe
rPois    .         Reflect  .   (helmet restricted)
rElec    .         Harm     .   p - +0 cloak
rCorr    .         Rampage  .   g - +0 pair of gloves
Will     .....                  (boots unavailable)
Stlth    ++........             (no amulet)
HPRegen  0.16/turn              i - +6 ring of strength
MPRegen  0.15/turn              (no ring)

@: no status effects
A: beak, talons 3, able to fly
a: Fly, Renounce Religion


You were on level 5 of the Dungeon.
You worshipped Vehumet.
Vehumet was noncommittal.
You visited 2 branches of the dungeon, and saw 6 of its levels.

You collected 203 gold pieces.

Inventory:

Hand Weapons
 a - a +2 short sword of draining (weapon)
 b - a +0 hunting sling
 v - a +0 short sword of flaming
 w - a +2 dagger of speed
Missiles
 c - 70 stones
 e - 36 sling bullets
 t - 18 bolts
Armour
 d - a +0 robe (worn)
 g - a +0 pair of gloves (worn)
 p - a +0 cloak (worn)
Jewellery
 i - a +6 ring of strength (right hand)
Scrolls
 f - a scroll of torment {unknown}
 h - 4 scrolls of teleportation
 j - a scroll of fear
 o - a scroll of brand weapon {unknown}
 q - a scroll of vulnerability {unknown}
 r - a scroll of fog {unknown}
 u - a scroll of random uselessness {unknown}
 x - a scroll of enchant weapon {unknown}
Potions
 k - a potion of resistance
 l - a potion of magic
 m - a potion of flight {unknown}
 n - 2 potions of heal wounds {unknown}
 s - a potion of invisibility {unknown}
 z - 2 potions of brilliance {unknown}


   Skills:
 + Level 4.4 Fighting
 - Level 2.1 Dodging
 - Level 2.0 Stealth
 - Level 5.0 Spellcasting
 - Level 7.0 Conjurations
 + Level 3.1 Hexes


You had 6 spell levels left.
You knew the following spells:

 Your Spells              Type           Power      Damage    Failure   Level
a - Magic Dart            Conj           100%       1d8       1%          1
b - Searing Ray           Conj           68%        3d5       1%          2
c - Fulminant Prism       Conj/Hex       13%        3d9       14%         4
d - Iskenderun's Mystic   Conj/Tloc      19%        2d6       26%         4

Your spell library contained the following spells:

 Spells                   Type           Power      Damage    Failure   Level
 Dazzling Flash           Conj/Hex       52%        N/A       4%          3
 Beastly Appendage        Tmut           10%        N/A       11%         1
 Wereblood                Tmut           5%         N/A       16%         2
 Spider Form              Tmut/Pois      2%         N/A       32%         3
 Ice Form                 Ice/Tmut       5%         N/A       71%         4
 Blade Hands              Tmut           2%         N/A       96%         5


Dungeon Overview and Level Annotations

Branches:
Dungeon (5/15)             Temple (1/1) D:4

Altars:
Elyvilon
Fedhas
Hepliaklqana
Makhleb
Nemelex Xobeh
Ru
Sif Muna
Trog
Vehumet
Wu Jian
Yredelemnul
The Shining One

Annotations:
D:5 Pikel


Innate Abilities, Weirdness & Mutations

You have a beak for a mouth.
You have claws for feet.
You can fly continuously.


Message History

Okay, then.
Unknown command.
Casting: Magic Dart (safe; 1% risk of failure)
Confirm with . or Enter, or press ? or * to list all spells.
Aiming: Magic Dart (safe; 1% risk of failure)
Press: ? - help, Shift-Dir - straight line, f - Pikel
Aim: Pikel, wielding a +2 whip of freezing, wearing a +0 robe and carrying a wand of acid (13) (0% to evade)
The magic dart hits Pikel.
Pikel is lightly wounded.
Casting: Magic Dart (safe; 1% risk of failure)
Confirm with . or Enter, or press ? or * to list all spells.
You can't see any susceptible monsters within range! (Use Z to cast anyway.)
Casting: Magic Dart (safe; 1% risk of failure)
Confirm with . or Enter, or press ? or * to list all spells.
Aiming: Magic Dart (safe; 1% risk of failure)
Press: ? - help, Shift-Dir - straight line, f/p - Pikel
Aim: Pikel, wielding a +2 whip of freezing, wearing a +0 robe and carrying a wand of acid (13) (lightly wounded, 0% to evade)
The magic dart hits Pikel!
Pikel is moderately wounded.
Pikel zaps a wand.
The bolt of acid misses you.
Casting: Magic Dart (safe; 1% risk of failure)
Confirm with . or Enter, or press ? or * to list all spells.
Aiming: Magic Dart (safe; 1% risk of failure)
Press: ? - help, Shift-Dir - straight line, f/p - Pikel
Aim: Pikel, wielding a +2 whip of freezing, wearing a +0 robe and carrying a wand of acid (12) (moderately wounded, 0% to evade)
The magic dart hits Pikel.
Pikel is moderately wounded.
Pikel zaps a wand.
The bolt of acid hits you!!
You are splashed with acid!
* * * LOW HITPOINT WARNING * * *
Pikel zaps a wand.
The bolt of acid misses you.
Casting: Magic Dart (safe; 1% risk of failure)
Confirm with . or Enter, or press ? or * to list all spells.
Aiming: Searing Ray (safe; 1% risk of failure)
Press: ? - help, Shift-Dir - straight line, f/p - Pikel
Aim: Pikel, wielding a +2 whip of freezing, wearing a +0 robe and carrying a wand of acid (10) (moderately wounded, 24% to evade)
The searing ray misses Pikel. (Press . to maintain the ray.)
The lemure shouts!
Pikel zaps a wand.
The bolt of acid hits you!
You die...

... #(##### ######
#.####((.#.##.....#.
....................
....................
#...###.####..##..##
#.. #.####..## ..
#........# .
#...@.>..#
#.5K.#.######
######.########
#.........#
#.........# ...
#.........# ....
#.........#.....
##...##..##....#
######..##....#


You could see Pikel and a lemure.

Vanquished Creatures
  Sigmund (D:2)
  An ogre (D:5)
  2 lemures (D:5)
  A centaur (D:2)
  A phantom (D:4)
  A scorpion (D:4)
  A hound (D:4)
  Crazy Yiuf (D:2)
  3 orc priests
  Natasha (thrice) (D:2)
  2 orc wizards
  A worker ant (D:4)
  A worker ant zombie (D:5)
  4 adders
  3 shadow imps (D:5)
  2 white imps
  2 dart slugs
  11 orcs
  8 ball pythons
  2 giant cockroaches
  4 goblins
  4 hobgoblins
  5 oozes
  7 quokkas
  8 bats
  A frilled lizard (D:2)
  6 kobolds
  6 rats (D:1)
92 creatures vanquished.

Notes
Turn   | Place    | Note
-------+----------+-------------------------------------------
     0 | D:1      | porpoise the Tengu Conjurer began the quest for the Orb.
     0 | D:1      | Reached XP level 1. HP: 10/10 MP: 4/4
   194 | D:1      | Reached XP level 2. HP: 13/15 MP: 6/6
   233 | D:1      | Learned a level 2 spell: Searing Ray
   772 | D:1      | Reached XP level 3. HP: 19/19 MP: 4/7
   824 | D:1      | Reached skill level 6 in Conjurations
  1392 | D:2      | Noticed a centaur
  1398 | D:2      | Killed a centaur
  1399 | D:2      | Reached XP level 4. HP: 13/24 MP: 3/10
  1631 | D:2      | Noticed Sigmund
  1638 | D:2      | Killed Sigmund
  1639 | D:2      | Reached skill level 7 in Conjurations
  1639 | D:2      | Gained mutation: You can fly continuously. [Tengu growth]
  1639 | D:2      | Reached XP level 5. HP: 25/28 MP: 5/13
  1639 | D:2      | Reached XP level 6. HP: 29/32 MP: 5/14
  1705 | D:2      | Learned a level 4 spell: Fulminant Prism
  1710 | D:2      | Learned a level 4 spell: Iskenderun's Mystic Blast
  2077 | D:2      | Noticed Natasha
  2079 | D:2      | Killed Natasha
  2080 | D:2      | Reached skill level 1 in Fighting
  2080 | D:2      | Reached skill level 5 in Spellcasting
  2220 | D:2      | Found a runed translucent door.
  2221 | D:2      | Noticed Crazy Yiuf
  2229 | D:2      | Killed Crazy Yiuf
  2768 | D:2      | Noticed Natasha
  2772 | D:2      | Killed Natasha
  2892 | D:2      | Noticed Natasha
  2895 | D:2      | Killed Natasha
  2958 | D:3      | Reached skill level 1 in Hexes
  3302 | D:3      | Found a hazy altar of Hepliaklqana.
  3803 | D:4      | Reached XP level 7. HP: 40/40 MP: 11/15
  4532 | D:4      | Found a sparkling altar of Nemelex Xobeh.
  4565 | D:4      | Found a staircase to the Ecumenical Temple.
  4582 | Temple   | Entered the Ecumenical Temple
  4639 | Temple   | Became a worshipper of Vehumet
  4700 | D:5      | Entered Level 5 of the Dungeon
  4930 | D:5      | Reached XP level 8. HP: 48/48 MP: 7/16
  5044 | D:5      | Noticed Pikel
  5158 | D:5      | Killed from afar by Pikel

Illustrated notes

Levels and vault maps discovered:
D:1:      wheals_arrival_linesprint, layout_loops_ring
D:2:      layout_basic, uniq_natasha, uniq_sigmund, uniq_crazy_yiuf_cottage
D:3:      layout_loops_cross, lemuel_round_altar
D:4:      cheibrodos_pilgrimage, layout_loops_ring, general_overflow_altar,
          minmay_temple_entry_trees
D:5:      layout_gridville, lemuel_crystal_altar, minitemple, uniq_pikel
Temple:   eino_wide_crystal_templ

Skill      XL: |  1  2  3  4  5  6  7 |
---------------+----------------------+-----
Conjurations   | 6 7 |  7.0
Spellcasting   | 3 4 5 |  5.0
Fighting       | 2 4 |  4.4
Hexes          | 1 3 |  3.1
Dodging        | |  2.1
Stealth        | |  2.0

Action                   |  1- 3 |  4- 6 |  7- 9 || total
-------------------------+-------+-------+-------++-------
Melee: Short sword       |    43 |    16 |    15 ||    74
       Kick              |     7 |       |     4 ||    11
       Peck              |     3 |     1 |       ||     4
 Fire: Hunting sling     |       |    28 |    30 ||    58
 Cast: Magic Dart        |    18 |     7 |    12 ||    37
       Searing Ray       |     1 |    10 |    14 ||    25
  Use: Scroll            |       |     4 |       ||     4
 Stab: Sleeping          |     8 |     2 |     2 ||    12
Armor: Robe              |    10 |     5 |     3 ||    18
Dodge: Dodged            |    30 |    13 |    11 ||    54

Table legend: (Time is in decaauts)
 A = Elapsed time spent in this place.
 B = Non-inter-level travel time spent in this place.
 C = Inter-level travel time spent in this place.
 D = Time resting spent in this place.
 E = Time spent auto-exploring this place.
 F = Levels seen in this place.
 G = Mean time per level.
                   A        B        C        D        E       F      G
               +--------+--------+--------+--------+--------+-----+--------+
         Total |   5154 |   4591 |    563 |   1678 |   2190 |   6 |  859.0 |
       Dungeon |   5089 |   4534 |    555 |   1678 |   2145 |   5 | 1017.8 |
        Temple |     65 |     57 |      8 |      0 |     45 |   1 |   65.0 |
               +--------+--------+--------+--------+--------+-----+--------+

Top non-repeatable levels by time:
     D:2: 1449 daAuts
     D:1: 1395 daAuts
     D:4: 1012 daAuts
     D:3: 775 daAuts
     D:5: 456 daAuts
  Temple: 65 daAuts
